 Dungeon Crawl Stone Soup version 0.26-a0-639-g72c4674329 (webtiles) character file.

Game seed: 16555373999179779103

36378 Kaptain the Geomancer (level 13, -10/105 HPs)
             Began as a Demigod Earth Elementalist on Sept 19, 2020.
             Mangled by a tyrant leech (12 damage)
             ... while paralysed
             ... on level 6 of the Lair of Beasts.
             The game lasted 01:23:36 (20432 turns).

Kaptain the Geomancer (Demigod Earth Elementalist) Turns: 20432, Time: 01:23:37

Health: -10/105    AC: 13    Str: 11    XL:     13   Next: 21%
Magic:  19/40      EV:  2    Int: 27    God:
Gold:   1594       SH:  0    Dex: 19    Spells: 5/32 levels left

rFire    + . .     SeeInvis +   W - +8 whip "Snakebite" {curare, rPois}
rCold    + . .     Faith    .   (no shield)
rNeg     . . .     Spirit   .   c - +2 troll leather armour
rPois    +         Reflect  .   K - +0 helmet
rElec    .         Harm     .   Q - +1 cloak
rCorr    .         Rampage  .   R - +0 pair of gloves
MR       +....                  (no boots)
Stlth    ++........             E - amulet of regeneration
HPRegen  1.07/turn              Y - ring of Generosity {rPois rF+ MP+9 Dex+3}
MPRegen  0.27/turn              w - ring of see invisible

@: paralysed, berserk cooldown, very slightly contaminated, slowed, very slow
A: talons 1, molten scales 1, cold resistance 1, high mp 1, evolution 1
a: no special abilities


You were on level 6 of the Lair of Beasts.
You visited 2 branches of the dungeon, and saw 14 of its levels.

You collected 1594 gold pieces.

Inventory:

Hand Weapons
 g - a +1 vorpal rapier
 C - a +2 glaive of freezing
 W - the +8 whip "Snakebite" (weapon) {curare, rPois}
   (You found it on level 5 of the Lair of Beasts)

   It poisons the flesh of those it strikes.
   It protects you from poison.
Missiles
 b - 7 silver javelins
 x - 13 stones (quivered)
Armour
 c - a +2 troll leather armour (worn)
 i - a +1 leather armour
 r - a +0 kite shield
 K - a +0 helmet (worn)
 M - a +1 hat
 O - a +0 buckler
 Q - a +1 cloak (worn)
 R - a +0 pair of gloves (worn)
Jewellery
 e - an uncursed ring of fire
 f - an uncursed ring of positive energy
 v - an uncursed ring of protection from fire
 w - a ring of see invisible (right hand)
 B - an uncursed ring of positive energy
 E - an amulet of regeneration (around neck)
 T - an uncursed ring of protection from fire
 V - a cursed amulet of reflection
 Y - the ring of Generosity (left hand) {rPois rF+ MP+9 Dex+3}
   (You found it on level 6 of the Lair of Beasts)

   [ring of magical power]

   It affects your dexterity (+3).
   It protects you from fire.
   It protects you from poison.
   It affects your magic capacity (+9).
Wands
 l - a wand of iceblast (5)
 z - a wand of acid (6)
 D - a wand of digging (18)
 H - a wand of flame (20)
 L - a wand of enslavement (6)
 P - a wand of disintegration (19)
 U - a wand of polymorph (7)
 X - a wand of paralysis (11)
Scrolls
 a - 11 scrolls of teleportation
 k - 5 scrolls of amnesia
 n - 3 scrolls of enchant weapon
 q - 14 scrolls of remove curse
 t - 5 scrolls of blinking
 u - 5 scrolls of identify
 y - a scroll of magic mapping
 G - 3 scrolls of fear
 J - 2 scrolls of immolation
 S - 2 scrolls of fog
Potions
 d - 5 potions of lignification
 h - a potion of ambrosia
 j - a potion of flight
 m - a potion of cancellation
 o - 2 potions of stabbing
 s - 5 potions of brilliance
 A - a potion of mutation
 I - a potion of haste
 N - 3 potions of magic


   Skills:
 + Level 7.5 Fighting
 - Level 5.0 Armour
 - Level 3.9 Dodging
 - Level 6.0 Stealth
 + Level 3.8 Shields
 * Level 10.1 Spellcasting
 * Level 10.2 Conjurations
   Level 0.8 Transmutations
 * Level 11.0 Earth Magic


You had 5 spell levels left.
You knew the following spells:

 Your Spells              Type           Power        Failure   Level
a - Sandblast             Erth           ######       1%          1
b - Stone Arrow           Conj/Erth      ######       1%          3
c - Lee's Rapid Deconstr  Erth           ######....   1%          5
d - Iskenderun's Battles  Conj           ######..     2%          5
e - Bolt of Magma         Conj/Fire/Erth ######....   9%          5
f - Iron Shot             Conj/Erth      ######....   11%         6
g - Swiftness             Air            ##......     9%          2

Your spell library contained the following spells:

 Spells                   Type           Power        Failure   Level
 Passwall                 Tmut/Erth      #####...     1%          2
 Petrify                  Tmut/Erth      #####...     4%          4
 Animate Skeleton         Necr           ##....       5%          1
 Call Imp                 Summ           ##......     9%          2
 Passage of Golubria      Tloc           N/A          47%         4
 Summon Ice Beast         Ice/Summ       ##......     47%         4
 Orb of Destruction       Conj           ######....   56%         7
 Spellforged Servitor     Conj/Summ      #####.....   99%         7
 Invisibility             Hex            ##......     100%        6
 Simulacrum               Ice/Necr       ##........   100%        6
 Summon Hydra             Summ           ##........   100%        7


Dungeon Overview and Level Annotations

Branches:
Dungeon (8/15)             Temple (0/1) D:4            Lair (6/6) D:8
  Swamp (0/4) Lair:4        Snake (0/4) Lair:3
  Slime: Lair:5-6

Shops:
D:3 *   D:5 ?

Annotations:
D:7 1 runed translucent door, iamserjio's ghost, novice OpCK
Lair:4 1 runed translucent door


Innate Abilities, Weirdness & Mutations

You have an increased reservoir of magic. (+10% MP)
You have sharp toenails.
You are partially covered in molten scales. (AC +2)
Your flesh is cold resistant. (rC+)
You evolve.


Message History

The tyrant leech bites you!
* * * LOW HITPOINT WARNING * * *
The tyrant leech draws strength from your injuries!
The tyrant leech bites you!!
* * * LOW HITPOINT WARNING * * *
The tyrant leech draws strength from your injuries!
A cane toad comes into view.
You see here a runed trident.
You feel a strong urge to attack something.
The cane toad gives a loud, deep croak!
You enter the shallow water.
Moving in this stuff is going to be slow.
You feel your anger nearly subside.
You are no longer berserk.
You pass out from exhaustion.
You feel yourself slow down. The tyrant leech bites you!
* * * LOW HITPOINT WARNING * * *
The tyrant leech draws strength from your injuries!
The tyrant leech bites you!
You die...

..≈P≈P≈≈.##≈≈≈≈≈≈≈≈≈≈≈≈..#.....<.
.≈≈.≈≈≈≈≈##≈≈≈≈≈≈≈P≈≈≈≈P≈........
....≈≈≈≈≈.#≈≈≈≈≈≈≈≈≈≈≈≈..≈.......
...≈P≈≈≈≈. #.≈≈≈≈≈≈≈≈≈P..........
P.≈≈≈≈≈P≈≈##≈≈.≈≈≈≈≈≈≈≈≈≈........
≈≈≈≈ #≈≈≈≈.≈≈≈#≈≈≈≈P........
#≈≈≈≈#≈=)≈≈..≈#≈≈≈P.........
#≈≈≈≈≈...w≈≈≈##≈≈≈.........
###≈≈≈$[(w@≈#####≈.≈.......
#≈≈.≈≈)=F#≈≈≈##≈≈.........
#≈≈.≈≈≈≈≈#≈≈≈≈#≈≈.≈.......
#≈≈≈.≈≈≈##≈≈≈P≈≈≈≈........
≈≈≈≈≈≈.≈.##≈≈≈≈≈≈≈.........
≈≈≈≈≈P≈≈≈w##.≈≈≈≈≈..........
≈≈≈≈≈≈≈≈≈≈≈#.≈≈≈≈≈.≈........
≈.≈≈≈≈≈≈###≈≈≈≈...........
≈≈≈≈≈≈≈≈≈ #≈≈≈P...........


You could see 3 tyrant leeches and a cane toad.

Vanquished Creatures
  Harold (D:8)
  5 hydras
  A two-headed ogre (D:8)
  Sonja (Lair:4)
  An oklob plant (Lair:4)
  4 black mambas
  5 elephants
  22 cane toads
  4 komodo dragons
  A polar bear (Lair:4)
  A troll (D:7)
  2 tyrant leeches
  23 blink frogs
  2 spriggans (Lair:4)
  Sigmund (D:2)
  3 wyverns
  24 yaks
  3 basilisks
  5 vampire mosquitoes
  An acid dragon (D:8)
  4 nagas (Lair:3)
  18 water moccasins
  4 porcupines
  A black bear (Lair:4)
  3 sky beasts
  3 ogres
  21 wolves
  2 centaurs (D:8)
  12 crocodiles
  28 bullfrogs
  A scorpion (D:7)
  2 howler monkeys (D:4)
  4 electric eels
  3 centaur zombies
  A bullfrog zombie (D:8)
  A quasit (D:3)
  2 bullfrog skeletons
  13 hounds
  2 jellies
  An orc priest (D:3)
  A gnoll shaman (D:6)
  7 orc wizards
  An iguana (D:6)
  3 worker ants
  A hound zombie (D:6)
  2 hound skeletons
  A gnoll (D:2)
  A howler monkey skeleton (D:7)
  13 adders
  4 white imps
  3 ufetubi
  An ooze (D:3)
  An adder zombie (D:6)
  An adder skeleton (D:6)
  A worm (D:2)
  A dart slug (D:2)
  6 leopard geckos
  13 orcs
  A ball python (D:3)
  2 bats (D:1)
  4 giant cockroaches
  13 hobgoblins
  8 jackals
  3 quokkas
  A ball python skeleton (D:6)
  7 frilled lizards
  A jackal skeleton (D:4)
  8 kobolds
  A quokka skeleton (D:8)
  8 rats
354 creatures vanquished.

Vanquished Creatures (others)
  An unseen horror (D:8)
  An orc (D:8)
  41 fungi
  87 plants
  7 toadstools (Lair:4)
  2 withered plants (D:7)
139 creatures vanquished.

Grand Total: 493 creatures vanquished

Notes
Turn   | Place    | Note
-------+----------+-------------------------------------------
     0 | D:1      | Kaptain the Demigod Earth Elementalist began the quest for
                  | the Orb.
     0 | D:1      | Reached XP level 1. HP: 14/14 MP: 5/5
   193 | D:2      | Reached XP level 2. HP: 20/20 MP: 4/7
   283 | D:2      | Found a shadowy altar of Dithmenos.
   313 | D:2      | Reached skill level 3 in Earth Magic
   466 | D:2      | Reached XP level 3. HP: 27/27 MP: 4/8
   781 | D:2      | Found an iron altar of Okawaru.
  1107 | D:2      | Reached skill level 1 in Armour
  1110 | D:2      | Noticed Sigmund
  1115 | D:2      | Killed Sigmund
  1115 | D:2      | Reached skill level 1 in Fighting
  1115 | D:2      | Reached XP level 4. HP: 11/35 MP: 2/11
  1115 | D:2      | Reached XP level 5. HP: 13/40 MP: 2/12
  1710 | D:1      | Learned a level 3 spell: Stone Arrow
  1716 | D:1      | Learned a level 5 spell: Lee's Rapid Deconstruction
  1830 | D:1      | Reached skill level 4 in Earth Magic
  2329 | D:1      | Gained mutation: You have sharp toenails. [potion of
                  | mutation]
  2329 | D:1      | Gained mutation: You evolve. [potion of mutation]
  2493 | D:3      | Reached XP level 6. HP: 36/48 MP: 1/13
  2647 | D:3      | Reached skill level 1 in Conjurations
  3345 | D:3      | Found Zin's Purification Station.
  3350 | D:3      | Found a glowing silver altar of Zin.
  3810 | D:4      | Gained mutation: You are partially covered in molten
                  | scales. (AC +2) [evolution]
  3900 | D:4      | Found a staircase to the Ecumenical Temple.
  4365 | D:4      | Found a glowing golden altar of the Shining One.
  4591 | D:5      | Entered Level 5 of the Dungeon
  4605 | D:5      | Reached XP level 7. HP: 53/55 MP: 15/15
  4632 | D:5      | Found Woukhli's Magic Scroll Shop.
  4804 | D:5      | Found a bloodstained altar of Trog.
  5487 | D:6      | Found a white marble altar of Elyvilon.
  5791 | D:6      | Noticed a kobold demonologist
  5796 | D:6      | Noticed an orange demon
  5875 | D:6      | Reached skill level 5 in Earth Magic
  6184 | D:6      | Reached XP level 8. HP: 47/62 MP: 1/18
  6691 | D:6      | Found an ornate altar of the Wu Jian Council.
  6694 | D:6      | Found a hide-covered altar of Uskayaw.
  6697 | D:6      | Found an iron altar of Okawaru.
  7048 | D:7      | Found a runed translucent door.
  7048 | D:7      | Noticed iamserjio's ghost (novice OpCK)
  7637 | D:7      | Reached skill level 5 in Spellcasting
  7819 | D:7      | Found a shimmering altar of Xom.
  7821 | D:7      | Found a bloodstained altar of Trog.
  8263 | D:8      | Reached skill level 6 in Earth Magic
  8455 | D:8      | Found a blossoming altar of Fedhas.
  8471 | D:8      | Found a staircase to the Lair.
  8471 | D:8      | Noticed a troll
  8529 | D:7      | Reached XP level 9. HP: 33/71 MP: 0/20
  8770 | D:8      | Noticed a two-headed ogre
  8781 | D:8      | Killed a two-headed ogre
  8781 | D:8      | Reached skill level 5 in Conjurations
  8793 | D:8      | Gained mutation: You have a pair of small horns on your
                  | head. [evolution]
  8895 | D:8      | Noticed Harold
  8911 | D:8      | Killed Harold
  8911 | D:8      | Reached skill level 5 in Stealth
  8911 | D:8      | Reached skill level 7 in Earth Magic
  8926 | D:8      | HP: 2/72 [electric eel/bolt of electricity (9)]
  9245 | D:8      | Killed an unseen horror
  9245 | D:8      | Reached XP level 10. HP: 25/80 MP: 0/23
  9566 | Lair:1   | Entered Level 1 of the Lair of Beasts
  9786 | Lair:1   | Lost mutation: You have a pair of small horns on your head.
                  | [evolution]
 10206 | Lair:1   | Reached skill level 5 in Fighting
 10656 | Lair:1   | Gained mutation: Your flesh is cold resistant. (rC+)
                  | [evolution]
 10710 | Lair:1   | Reached skill level 5 in Armour
 10710 | Lair:1   | Reached skill level 8 in Earth Magic
 10717 | Lair:1   | Learned a level 5 spell: Iskenderun's Battlesphere
 10723 | Lair:1   | Learned a level 5 spell: Bolt of Magma
 11283 | Lair:2   | Reached skill level 1 in Shields
 11421 | Lair:2   | Reached XP level 11. HP: 70/88 MP: 1/26
 12905 | Lair:3   | HP: 4/89 [poisoned by a cane toad]
 13469 | Lair:3   | Reached skill level 9 in Earth Magic
 13488 | Lair:3   | Learned a level 6 spell: Iron Shot
 13735 | Lair:3   | Found a staircase to the Snake Pit.
 13973 | Lair:3   | Noticed a five-headed hydra
 13976 | Lair:3   | Killed a five-headed hydra
 14768 | Lair:4   | Noticed a five-headed hydra
 14771 | Lair:4   | Noticed an eight-headed hydra
 14773 | Lair:4   | Killed a five-headed hydra
 14779 | Lair:4   | Killed an eight-headed hydra
 15025 | Lair:4   | Noticed Sonja
 15029 | Lair:4   | Killed Sonja
 15206 | Lair:4   | Found a staircase to the Swamp.
 15269 | Lair:4   | Reached XP level 12. HP: 97/97 MP: 21/29
 15453 | Lair:4   | Noticed a catoblepas
 15453 | Lair:4   | Noticed a catoblepas
 15473 | Lair:4   | Found a runed translucent door.
 16360 | Lair:5   | Noticed a six-headed hydra
 16367 | Lair:5   | Killed a six-headed hydra
 16441 | Lair:5   | Noticed an eight-headed hydra
 16454 | Lair:5   | Killed an eight-headed hydra
 16454 | Lair:5   | Reached skill level 10 in Earth Magic
 17825 | Lair:5   | Found the +8 whip "Snakebite" {curare, rPois}
 18239 | Lair:6   | Entered Level 6 of the Lair of Beasts
 18317 | Lair:6   | Got a vibrating tin ring
 18323 | Lair:6   | Identified the ring of Generosity {rPois rF+ MP+9 Dex+3}
                  | (You found it on level 6 of the Lair of Beasts)
 19286 | Lair:5   | Reached XP level 13. HP: 85/105 MP: 29/31
 19555 | Lair:6   | Reached skill level 10 in Conjurations
 19669 | Lair:6   | Reached skill level 10 in Spellcasting
 19905 | Lair:6   | Reached skill level 11 in Earth Magic
 19922 | Lair:6   | Learned a level 2 spell: Swiftness
 20405 | Lair:6   | Identified the Incunabulum of the Escort and Evil
 20432 | Lair:6   | HP: 2/105 [tyrant leech (15)]
 20432 | Lair:6   | Mangled by a tyrant leech

Illustrated notes

Levels and vault maps discovered:
D:1:      lemuel_arrival_broad_hall, layout_basic, wad_floor_pattern_1,
          minmay_small_reverse_x
D:2:      layout_loops_ring, nicolae_overflow_crystal_walls, minivault_23,
          chequers_serial_rivers_micro_a, okawaru_altar_gauntlet_db,
          uniq_sigmund
D:3:      layout_loops_cross, zin_purify
D:4:      minmay_evil_eye, layout_loops_ring, tso_altar,
          minmay_temple_entry_from_below_a, nrook_mini_vaults, minmay_quantized
D:5:      layout_gridville, serial_shops,
          nicolae_shop_competitors_out_of_business, lemuel_tele_altar
D:6:      cheibrodos_fzero, layout_loops_cross, elyvilon_altar_3,
          grunt_temple_overflow_diamond, serial_rivers,
          chequers_serial_rivers_small_b, chequers_serial_rivers_small_b,
          chequers_serial_rivers_small_b, chequers_serial_rivers_small_3,
          chequers_serial_rivers_micro_c
D:7:      layout_loops_ring, amethyst_overflow_temple_binary,
          gammafunk_ghost_grave
D:8:      layout_cave_pools, kennysheep_mini_moat, erik_lair_island,
          minmay_radiant, uniq_harold
Lair:1:   layout_chaotic_city, serial_bayou_shore_a
Lair:2:   layout_roguey, minmay_holes, infiniplex_staircase_pool,
          grunt_megastairs_3
Lair:3:   layout_regular_city, minmay_snake_entry_guardpost_small,
          beast_lair_carwin_5
Lair:4:   gammafunk_lair_enchanted_lake, layout_cave_pods, swamp_mist,
          nicolae_quartered_pool_medium, minmay_lair_oklob_bushes,
          forest_entry_grove, uniq_sonja
Lair:5:   minmay_guarded_unrand_snakebite, layout_hall_layers
Lair:6:   minmay_lair_end_frog_pond, layout_regular_city, slime_altar_1

Skill      XL: |  1  2  3  4  5  6  7  8  9 10 11 12 13 |
---------------+----------------------------------------+-----
Spellcasting   | 2 3 4 5 6 7 8 9 10 | 10.1
Stealth        | 2 3 4 5 6 |  6.0
Earth Magic    | 3 4 5 6 7 8 9 10 11 | 11.0
Armour         | 1 2 3 4 5 |  5.0
Fighting       | 1 2 3 4 5 6 7 |  7.5
Conjurations   | 1 3 4 5 7 8 9 10 | 10.2
Shields        | 1 3 |  3.8
Dodging        | 3 |  3.9
Transmutations | |  0.8

Action                   |  1- 3 |  4- 6 |  7- 9 | 10-12 | 13-15 || total
-------------------------+-------+-------+-------+-------+-------++-------
Melee: Rapier            |    20 |    52 |    58 |    45 |       ||   175
       Kick              |       |    10 |    17 |    28 |    17 ||    72
       Headbutt          |       |       |     3 |       |       ||     3
       Whip              |       |       |       |    25 |    41 ||    66
 Cast: Sandblast         |    36 |    68 |    52 |   131 |    15 ||   302
       Stone Arrow       |       |    23 |    98 |   268 |    52 ||   441
       Lee's Rapid Decon |       |       |       |    40 |     1 ||    41
       Bolt of Magma     |       |       |       |     4 |     2 ||     6
       Swiftness         |       |       |       |       |     1 ||     1
  Use: Scroll            |       |    14 |     3 |    12 |       ||    29
       Potion            |       |     2 |    14 |     6 |     1 ||    23
 Stab: Sleeping          |       |       |     1 |     1 |       ||     2
       Distracted        |       |       |       |     1 |       ||     1
Armor: Robe              |     4 |       |       |       |       ||     4
       Leather armour    |     8 |    31 |    23 |       |       ||    62
       Troll leather arm |       |       |    20 |    71 |    29 ||   120
Dodge: Dodged            |    35 |    52 |    76 |   193 |    57 ||   413

Table legend: (Time is in decaauts)
 A = Elapsed time spent in this place.
 B = Non-inter-level travel time spent in this place.
 C = Inter-level travel time spent in this place.
 D = Time resting spent in this place.
 E = Time spent auto-exploring this place.
 F = Levels seen in this place.
 G = Mean time per level.
                   A        B        C        D        E       F      G
               +--------+--------+--------+--------+--------+-----+--------+
         Total |  20572 |  20001 |    571 |   7453 |   8981 |  14 | 1469.4 |
       Dungeon |   9604 |   9350 |    254 |   2607 |   5191 |   8 | 1200.5 |
          Lair |  10967 |  10650 |    317 |   4846 |   3789 |   6 | 1827.8 |
               +--------+--------+--------+--------+--------+-----+--------+

Top non-repeatable levels by time:
  Lair:5: 2744 daAuts
  Lair:4: 2135 daAuts
  Lair:3: 1700 daAuts
     D:6: 1598 daAuts
  Lair:2: 1590 daAuts
     D:2: 1582 daAuts
  Lair:1: 1556 daAuts
     D:7: 1388 daAuts
  Lair:6: 1240 daAuts
     D:4: 1156 daAuts
     D:8: 1147 daAuts
     D:3: 1039 daAuts
     D:5: 867 daAuts
     D:1: 824 daAuts
